Nordiques vs Avalanche
Created - November 17, 2018 at 19:17
Goals
|
| Nordiques |
1 |
0 |
0 |
1 |
| Avalanche |
1 |
3 |
0 |
4 |
|
Shots
|
| Nordiques |
16 |
18 |
4 |
38 |
| Avalanche |
7 |
10 |
5 |
22 |
|
1st period
1. Nordiques , R.J. Umberger 4 (David Legwand 7) at 3:06
2. Avalanche , Mikkel Boedker 11 (Bryan Little 15) at 13:28 (PP)
Penalties :
Marc Savard (Que) for Hooking (Minor) at 13:24
2nd period
3. Avalanche , Andrei Kostitsyn 8 (Jack Johnson 11, Paul Stastny 12) at 0:31
4. Avalanche , Bryan Little 9 (Mikkel Boedker 16) at 13:50
5. Avalanche , Greg Campbell 4 (Marc Staal 9, Andrew Ladd 4) at 18:40
Penalties :
Paul Stastny (Col) for Boarding (Minor) at 4:24, Johnny Boychuk (Col) for High sticking (Minor) at 6:56
3rd period
No Goal
Penalties :
Paul Gaustad (Que) for Close Hand On Puck (Minor) at 6:35
Goalie Stats
Jonathan Quick (Que), 18 saves from 22 shots - (0.818), L, 7-6-1, 60:00 minutes
Semyon Varlamov (Col), 37 saves from 38 shots - (0.974), W, 6-4-0, 60:00 minutes
Players Stats for Nordiques
Player Name G A P +/- PIM S H SB GA TA FO MP PP MP PK MP
------------------------------------------------------------------------------------
Chris Drury 0 0 0 0 0 2 2 1 1 0 6/11 14:49 0:00 0:27
David Legwand 0 1 1 -1 0 0 0 0 0 1 1/2 14:57 2:11 0:27
Dustin Byfuglien 0 0 0 -2 0 1 0 0 0 0 0/0 14:42 0:00 0:00
Fedor Tyutin 0 0 0 0 0 1 1 2 0 0 0/0 26:30 2:17 1:09
Jean-Pierre Dumont 0 0 0 0 0 4 0 2 1 0 1/1 16:38 2:11 0:00
Marc Savard 0 0 0 -1 2 4 2 1 0 2 23/36 20:01 1:47 0:57
Mark Eaton 0 0 0 0 0 3 0 0 1 1 0/0 18:26 1:41 0:54
Martin St. Louis 0 0 0 -1 0 1 0 0 0 0 1/2 12:00 0:00 0:00
Matt Irwin 0 0 0 -2 0 0 0 1 0 0 0/0 14:33 0:00 0:00
Matt Moulson 0 0 0 -1 0 0 1 0 0 0 0/0 12:38 0:00 0:35
Michael Ryder 0 0 0 0 0 1 0 1 0 1 0/0 10:28 0:00 0:00
Nikolai Kulemin 0 0 0 0 0 0 1 1 0 0 0/0 10:33 0:00 0:00
Paul Gaustad 0 0 0 0 2 1 2 0 1 1 1/1 10:26 0:00 0:00
R.J. Umberger 1 0 1 0 0 4 1 0 0 1 1/3 17:20 2:11 0:39
Ryan Ellis 0 0 0 0 0 5 3 0 1 0 0/0 26:22 2:17 1:09
Simon Gagné 0 0 0 -1 0 3 0 0 1 2 0/0 19:01 1:47 0:00
T.J. Fast 0 0 0 0 0 4 2 0 1 0 0/0 18:29 1:41 0:54
Vladimir Tarasenko 0 0 0 -1 0 4 0 0 0 0 2/3 20:02 1:47 1:01
Players Stats for Avalanche
Player Name G A P +/- PIM S H SB GA TA FO MP PP MP PK MP
------------------------------------------------------------------------------------
Alexander Radulov 0 0 0 1 0 3 3 2 2 0 1/2 19:01 1:05 0:00
Andrei Kostitsyn 1 0 1 1 0 4 0 1 1 0 0/0 19:55 1:05 0:28
Andrew Ladd 0 1 1 1 0 0 0 1 0 0 2/5 14:37 0:50 2:31
Brandon Yip 0 0 0 1 0 1 1 1 1 0 0/0 12:50 0:48 0:48
Bryan Little 1 1 2 0 0 3 1 0 0 0 7/23 17:34 0:04 0:00
Chuck Kobasew 0 0 0 0 0 0 0 0 0 0 0/1 10:28 0:06 2:31
Dan Boyle 0 0 0 1 0 0 0 0 0 1 0/0 15:09 1:12 0:00
Greg Campbell 1 0 1 1 0 1 2 0 0 0 2/8 12:38 0:01 1:02
Jack Johnson 0 1 1 0 0 0 1 1 0 0 0/0 23:16 0:04 1:10
Jay Bouwmeester 0 0 0 1 0 0 0 1 0 0 0/0 18:20 1:19 0:46
Johnny Boychuk 0 0 0 1 2 0 2 1 1 0 0/0 15:21 0:46 0:18
Kyle Turris 0 0 0 0 0 0 1 1 0 0 1/3 11:22 0:32 0:36
Marc Staal 0 1 1 1 0 1 1 1 0 2 0/0 20:24 0:44 2:48
Mikkel Boedker 1 1 2 0 0 4 0 0 2 0 0/0 17:34 0:04 0:00
Patric Hornqvist 0 0 0 0 0 0 0 0 1 0 0/0 17:24 0:04 0:00
Paul Stastny 0 1 1 1 2 2 2 0 1 0 10/17 16:46 1:05 0:00
Pernell Karl Subban 0 0 0 0 0 2 2 1 0 4 0/0 25:13 0:00 2:54
Zach Boychuk 0 0 0 0 0 1 1 1 0 0 0/0 8:08 0:26 0:00
3 Stars
1 - Semyon Varlamov (Col)
2 - Bryan Little (Col)
3 - Mikkel Boedker (Col)
Power Play
Nordiques - 0 on 2 Attempt(s) - 0.00%
Avalanche - 1 on 2 Attempt(s) - 50.00%
Penalty Kill
Nordiques - 1 on 2 Attempt(s) - 50.00%
- Score 0 goal in Penalty Kill
Avalanche - 2 on 2 Attempt(s) - 100.00%
- Score 0 goal in Penalty Kill
Team Stat
Nordiques - Hits : 15 - Faceoff Wins : 36 - Blocked Shots : 9 - Penalty Minutes : 4
Avalanche - Hits : 17 - Faceoff Wins : 23 - Blocked Shots : 12 - Penalty Minutes : 4
Official
Referees : Unknown
Linesman : Unknown
Game Notes
No Game Note
Finance
Level 1 -- Attendance: 5739 (95.65%) -- Ticket Income $510,771
Level 2 -- Attendance: 4618 (92.36%) -- Ticket Income $253,990
Level 3 -- Attendance: 2000 (100.00%) -- Ticket Income $66,000
Level 4 -- Attendance: 4000 (100.00%) -- Ticket Income $92,000
Luxury Box -- Attendance: 855 (85.50%) -- Ticket Income $147,060
Game was played at the Pepsi Center.
Total Attendance: 17212 (95.62%)
Total Ticket Income: $1,069,821
Other Income: $160,473
Total Income: $1,230,294
Nordiques
5 vs 5 Forward
Center Left Wing Right Wing Time % Phy DF OF
1 Marc Savard Simon Gagné Vladimir Tarasenko 40 0 1 4
2 Chris Drury R.J. Umberger Jean-Pierre Dumont 30 1 1 3
3 David Legwand Matt Moulson Martin St. Louis 20 1 2 2
4 Paul Gaustad Nikolai Kulemin Michael Ryder 10 2 2 1
5 vs 5 Defense
Defense Defense Time % Phy DF OF
1 Fedor Tyutin Ryan Ellis 40 1 3 1
2 Mark Eaton T.J. Fast 30 1 3 1
3 Dustin Byfuglien Matt Irwin 20 1 3 1
4 Fedor Tyutin Ryan Ellis 10 1 3 1
PowerPlay Forward
Center Left Wing Right Wing Time % Phy DF OF
1 Marc Savard Simon Gagné Vladimir Tarasenko 60 0 0 5
2 David Legwand R.J. Umberger Jean-Pierre Dumont 40 0 0 5
PowerPlay Defense
Defense Defense Time % Phy DF OF
1 Fedor Tyutin Ryan Ellis 60 0 2 3
2 Mark Eaton T.J. Fast 40 0 2 3
Penalty Kill 4 Players Forward
Center Wing Time % Phy DF OF
1 Marc Savard Vladimir Tarasenko 60 1 4 0
2 David Legwand Chris Drury 40 1 4 0
Penalty Kill 4 Players Defense
Defense Defense Time % Phy DF OF
1 Fedor Tyutin Ryan Ellis 60 1 4 0
2 Mark Eaton T.J. Fast 40 1 4 0
Penalty Kill - 3 Players Forward
Forward Time % Phy DF OF
1 Marc Savard 60 0 5 0
2 Vladimir Tarasenko 40 0 5 0
Penalty Kill - 3 Players Defense
Defense Defense Time % Phy DF OF
1 Fedor Tyutin Ryan Ellis 60 1 4 0
2 Mark Eaton T.J. Fast 40 1 4 0
4 vs 4 Forward
Center Wing Time % Phy DF OF
1 Marc Savard Vladimir Tarasenko 60 0 1 4
2 David Legwand Chris Drury 40 0 1 4
4 vs 4 Defense
Defense Defense Time % Phy DF OF
1 Fedor Tyutin Ryan Ellis 60 1 4 0
2 Mark Eaton T.J. Fast 40 1 4 0
Last Minutes Offensive
Center Left Wing Right Wing Defense Defense
Marc Savard Simon Gagné Vladimir Tarasenko Fedor Tyutin Ryan Ellis
Last Minutes Defensive
Center Left Wing Right Wing Defense Defense
Marc Savard Simon Gagné Vladimir Tarasenko Fedor Tyutin Ryan Ellis
Goaltenders
Starting : Jonathan Quick
Backup : Philipp Grubauer
Extra Forwards
Normal : Vladimir Tarasenko, Martin St. Louis, Chris Drury - PP : Vladimir Tarasenko, Martin St. Louis - PK : R.J. Umberger
Extra Defensemen
Normal : Ryan Ellis, Fedor Tyutin, Dustin Byfuglien - PP : Ryan Ellis - PK : Mark Eaton, Fedor Tyutin
Penalty Shots
Marc Savard, Vladimir Tarasenko, David Legwand, Chris Drury, Simon Gagné
Scratches
Bruno Gervais (Healthy), Kyle Calder (Healthy), Mike Fisher (Healthy), Petr Kalus (Healthy), Julien Ellis (Healthy)
Avalanche
5 vs 5 Forward
Center Left Wing Right Wing Time % Phy DF OF
1 Bryan Little Mikkel Boedker Patric Hornqvist 35 1 2 2
2 Paul Stastny Andrei Kostitsyn Alexander Radulov 35 1 2 2
3 Greg Campbell Andrew Ladd Brandon Yip 20 1 2 2
4 Kyle Turris Zach Boychuk Chuck Kobasew 10 1 2 2
5 vs 5 Defense
Defense Defense Time % Phy DF OF
1 Pernell Karl Subban Jack Johnson 40 1 2 2
2 Jay Bouwmeester Marc Staal 35 1 2 2
3 Johnny Boychuk Dan Boyle 25 1 2 2
4 Marc Staal Jack Johnson 0 1 2 2
PowerPlay Forward
Center Left Wing Right Wing Time % Phy DF OF
1 Bryan Little Mikkel Boedker Patric Hornqvist 60 1 2 2
2 Paul Stastny Andrei Kostitsyn Alexander Radulov 40 1 2 2
PowerPlay Defense
Defense Defense Time % Phy DF OF
1 Jay Bouwmeester Jack Johnson 60 1 2 2
2 Pernell Karl Subban Marc Staal 40 1 2 2
Penalty Kill 4 Players Forward
Center Wing Time % Phy DF OF
1 Andrew Ladd Chuck Kobasew 60 1 2 2
2 Greg Campbell Brandon Yip 40 1 2 2
Penalty Kill 4 Players Defense
Defense Defense Time % Phy DF OF
1 Marc Staal Pernell Karl Subban 60 1 2 2
2 Jack Johnson Johnny Boychuk 40 1 2 2
Penalty Kill - 3 Players Forward
Forward Time % Phy DF OF
1 Chuck Kobasew 60 1 2 2
2 Andrew Ladd 40 1 2 2
Penalty Kill - 3 Players Defense
Defense Defense Time % Phy DF OF
1 Marc Staal Jack Johnson 60 1 2 2
2 Pernell Karl Subban Johnny Boychuk 40 1 2 2
4 vs 4 Forward
Center Wing Time % Phy DF OF
1 Patric Hornqvist Mikkel Boedker 60 1 2 2
2 Bryan Little Andrei Kostitsyn 40 1 2 2
4 vs 4 Defense
Defense Defense Time % Phy DF OF
1 Marc Staal Jack Johnson 60 1 2 2
2 Pernell Karl Subban Johnny Boychuk 40 1 2 2
Last Minutes Offensive
Center Left Wing Right Wing Defense Defense
Bryan Little Mikkel Boedker Patric Hornqvist Marc Staal Jack Johnson
Last Minutes Defensive
Center Left Wing Right Wing Defense Defense
Bryan Little Andrew Ladd Chuck Kobasew Marc Staal Jack Johnson
Goaltenders
Starting : Semyon Varlamov
Backup : Roberto Luongo
Extra Forwards
Normal : Andrew Ladd, Alexander Radulov, Greg Campbell - PP : Andrew Ladd, Alexander Radulov - PK : Greg Campbell
Extra Defensemen
Normal : Jay Bouwmeester, Dan Boyle, Pernell Karl Subban - PP : Jay Bouwmeester - PK : Jay Bouwmeester, Pernell Karl Subban
Penalty Shots
Mikkel Boedker, Patric Hornqvist, Kyle Turris, Bryan Little, Andrei Kostitsyn
Scratches
None
% Time on Ice - Nordiques
Lines # - Real PCT - Wanted PCT - Time Play
Normal Forward
1 - 32% - 40% - 17:18
2 - 27% - 30% - 14:31
3 - 22% - 20% - 11:42
4 - 19% - 10% - 10:28
Normal Defense
1 - 36% - 40% - 19:29
2 - 30% - 30% - 16:12
3 - 27% - 20% - 14:33
4 - 7% - 10% - 3:45
PP Forward
1 - 45% - 60% - 1:47
2 - 55% - 40% - 2:11
PP Defense
1 - 58% - 60% - 2:17
2 - 42% - 40% - 1:41
PK Forward
1 - 78% - 60% - 1:36
2 - 22% - 40% - 0:27
PK Defense
1 - 56% - 60% - 1:09
2 - 44% - 40% - 0:54
PK3 Forward
1 - 0% - 60%
2 - 0% - 40%
PK3 Defense
1 - 0% - 60%
2 - 0% - 40%
44 Forward
1 - 0% - 60%
2 - 0% - 40%
44 Defense
1 - 0% - 60%
2 - 0% - 40%
Last Minute Offensive - 0:00
Last Minute Defensive - 0:00
Total
Forward - 60:00
Defense - 60:00
|
% Time on Ice - Avalanche
Lines # - Real PCT - Wanted PCT - Time Play
Normal Forward
1 - 38% - 35% - 20:37
2 - 31% - 35% - 16:48
3 - 20% - 20% - 10:34
4 - 11% - 10% - 6:00
Normal Defense
1 - 41% - 40% - 22:22
2 - 31% - 35% - 16:52
3 - 26% - 25% - 14:13
4 - 1% - 0% - 0:32
PP Forward
1 - 3% - 60% - 0:04
2 - 97% - 40% - 1:59
PP Defense
1 - 64% - 60% - 1:19
2 - 36% - 40% - 0:44
PK Forward
1 - 80% - 60% - 3:10
2 - 20% - 40% - 0:48
PK Defense
1 - 71% - 60% - 2:48
2 - 29% - 40% - 1:10
PK3 Forward
1 - 0% - 60%
2 - 0% - 40%
PK3 Defense
1 - 0% - 60%
2 - 0% - 40%
44 Forward
1 - 0% - 60%
2 - 0% - 40%
44 Defense
1 - 0% - 60%
2 - 0% - 40%
Last Minute Offensive - 0:00
Last Minute Defensive - 0:00
Total
Forward - 60:00
Defense - 60:00
|
Play by Play
1st period
0:01 of 1st period - Marc Savard wins face-off versus Bryan Little in neutral zone.
0:39 of 1st period - Wrist shot by Andrei Kostitsyn.
0:39 of 1st period - Shot Misses the Net.
1:20 of 1st period - Snap shot by Matt Moulson.
1:20 of 1st period - Shot Misses the Net.
1:22 of 1st period - Slapshot by Martin St. Louis.
1:22 of 1st period - Shot Blocked by Zach Boychuk.
1:24 of 1st period - Snap shot by Martin St. Louis.
1:24 of 1st period - Stopped by Semyon Varlamov without a rebound.
1:25 of 1st period - Paul Stastny wins face-off versus Marc Savard in Avalanche zone.
1:32 of 1st period - Slapshot by Andrei Kostitsyn.
1:32 of 1st period - Shot Misses the Net.
2:32 of 1st period - Snap shot by Marc Savard.
2:32 of 1st period - Shot Misses the Net.
2:34 of 1st period - Slapshot by Ryan Ellis.
2:34 of 1st period - Shot Misses the Net.
3:06 of 1st period - Wrist shot by R.J. Umberger.
3:06 of 1st period - Goal by R.J. Umberger - Nordiques : 1 - Avalanche : 0.
3:07 of 1st period - Bryan Little wins face-off versus Marc Savard in neutral zone.
3:22 of 1st period - Snap shot by Marc Savard.
3:22 of 1st period - Shot Misses the Net.
3:24 of 1st period - Snap shot by Marc Savard.
3:24 of 1st period - Stopped by Semyon Varlamov with a rebound.
3:34 of 1st period - Snap shot by Chris Drury.
3:34 of 1st period - Shot Blocked by Alexander Radulov.
5:11 of 1st period - Dustin Byfuglien is hit by Johnny Boychuk and loses puck.
6:02 of 1st period - Jack Johnson is hit by T.J. Fast and loses puck.
6:09 of 1st period - Slapshot by Pernell Karl Subban.
6:09 of 1st period - Deflect By Zach Boychuk.
6:09 of 1st period - Stopped by Jonathan Quick without a rebound.
6:10 of 1st period - Chris Drury wins face-off versus Paul Stastny in Nordiques zone.
6:58 of 1st period - Off-side.
6:59 of 1st period - Marc Savard wins face-off versus Paul Stastny in neutral zone.
7:14 of 1st period - Snap shot by Andrei Kostitsyn.
7:14 of 1st period - Stopped by Jonathan Quick without a rebound.
7:15 of 1st period - Chris Drury wins face-off versus Bryan Little in Nordiques zone.
7:55 of 1st period - Icing by T.J. Fast.
7:56 of 1st period - Paul Stastny wins face-off versus Chris Drury in Nordiques zone.
8:29 of 1st period - Wrist shot by R.J. Umberger.
8:29 of 1st period - Shot Blocked by Andrei Kostitsyn.
8:31 of 1st period - Wrist shot by R.J. Umberger.
8:31 of 1st period - Shot Misses the Net.
8:33 of 1st period - Slapshot by T.J. Fast.
8:33 of 1st period - Deflect By Andrei Kostitsyn.
8:33 of 1st period - Stopped by Semyon Varlamov with a rebound.
8:35 of 1st period - Backhand shot by Mark Eaton.
8:35 of 1st period - Stopped by Semyon Varlamov without a rebound.
8:36 of 1st period - Bryan Little wins face-off versus Marc Savard in Avalanche zone.
8:43 of 1st period - Wrist shot by Patric Hornqvist.
8:43 of 1st period - Deflect By Fedor Tyutin.
8:43 of 1st period - Shot Misses the Net.
8:43 of 1st period - Puck is out of play.
8:44 of 1st period - Marc Savard wins face-off versus Bryan Little in Nordiques zone.
8:48 of 1st period - Off-side.
8:49 of 1st period - Marc Savard wins face-off versus Bryan Little in neutral zone.
9:04 of 1st period - Snap shot by Simon Gagné.
9:04 of 1st period - Deflect By Vladimir Tarasenko.
9:04 of 1st period - Stopped by Semyon Varlamov with a rebound.
9:06 of 1st period - Snap shot by Marc Savard.
9:06 of 1st period - Stopped by Semyon Varlamov without a rebound.
9:07 of 1st period - Greg Campbell wins face-off versus Martin St. Louis in Avalanche zone.
9:40 of 1st period - Wrist shot by Mikkel Boedker.
9:40 of 1st period - Stopped by Jonathan Quick without a rebound.
9:41 of 1st period - Paul Stastny wins face-off versus Vladimir Tarasenko in Nordiques zone.
9:42 of 1st period - Wrist shot by Andrei Kostitsyn.
9:42 of 1st period - Deflect By Paul Stastny.
9:42 of 1st period - Stopped by Jonathan Quick with a rebound.
10:10 of 1st period - Wrist shot by Bryan Little.
10:10 of 1st period - Deflect By Mikkel Boedker.
10:10 of 1st period - Stopped by Jonathan Quick with a rebound.
10:18 of 1st period - Wrist shot by Matt Moulson.
10:18 of 1st period - Shot Misses the Net.
10:36 of 1st period - Snap shot by Fedor Tyutin.
10:36 of 1st period - Stopped by Semyon Varlamov without a rebound.
10:37 of 1st period - Marc Savard wins face-off versus Paul Stastny in Avalanche zone.
10:38 of 1st period - Wrist shot by Vladimir Tarasenko.
10:38 of 1st period - Shot Misses the Net.
11:24 of 1st period - Slapshot by Bryan Little.
11:24 of 1st period - Shot Misses the Net.
11:51 of 1st period - Wrist shot by Nikolai Kulemin.
11:51 of 1st period - Shot Misses the Net.
12:56 of 1st period - Wrist shot by R.J. Umberger.
12:56 of 1st period - Stopped by Semyon Varlamov with a rebound.
13:00 of 1st period - Snap shot by Jean-Pierre Dumont.
13:00 of 1st period - Stopped by Semyon Varlamov without a rebound.
13:01 of 1st period - Marc Savard wins face-off versus Paul Stastny in Avalanche zone.
13:16 of 1st period - Snap shot by Andrei Kostitsyn.
13:16 of 1st period - Stopped by Jonathan Quick with a rebound.
13:18 of 1st period - Snap shot by Paul Stastny.
13:18 of 1st period - Shot Misses the Net.
13:24 of 1st period - Minor Penalty to Marc Savard for Hooking.
13:25 of 1st period - Bryan Little wins face-off versus R.J. Umberger in Nordiques zone.
13:28 of 1st period - Snap shot by Mikkel Boedker.
13:28 of 1st period - Goal by Mikkel Boedker - Nordiques : 1 - Avalanche : 1.
13:29 of 1st period - Vladimir Tarasenko wins face-off versus Bryan Little in neutral zone.
13:58 of 1st period - Slapshot by R.J. Umberger.
13:58 of 1st period - Deflect By Jean-Pierre Dumont.
13:58 of 1st period - Shot Blocked by Alexander Radulov.
13:58 of 1st period - Puck is out of play.
13:59 of 1st period - Paul Stastny wins face-off versus Chris Drury in Avalanche zone.
13:59 of 1st period - Paul Stastny is hit by Chris Drury.
14:13 of 1st period - Snap shot by Chris Drury.
14:13 of 1st period - Stopped by Semyon Varlamov with a rebound.
14:15 of 1st period - Slapshot by Mark Eaton.
14:15 of 1st period - Shot Blocked by Jay Bouwmeester.
14:17 of 1st period - Wrist shot by R.J. Umberger.
14:17 of 1st period - Stopped by Semyon Varlamov with a rebound.
14:19 of 1st period - Backhand shot by Jean-Pierre Dumont.
14:19 of 1st period - Shot Blocked by Marc Staal.
14:21 of 1st period - Slapshot by T.J. Fast.
14:21 of 1st period - Stopped by Semyon Varlamov with a rebound.
14:23 of 1st period - Slapshot by Ryan Ellis.
14:23 of 1st period - Stopped by Semyon Varlamov without a rebound.
14:24 of 1st period - Marc Savard wins face-off versus Bryan Little in Avalanche zone.
15:52 of 1st period - Ryan Ellis is hit by Paul Stastny and loses puck.
16:47 of 1st period - Icing by Ryan Ellis.
16:48 of 1st period - Chris Drury wins face-off versus Bryan Little in Nordiques zone.
16:53 of 1st period - Slapshot by Fedor Tyutin.
16:53 of 1st period - Deflect By R.J. Umberger.
16:53 of 1st period - Stopped by Semyon Varlamov with a rebound.
16:55 of 1st period - Snap shot by Ryan Ellis.
16:55 of 1st period - Shot Misses the Net.
16:57 of 1st period - Slapshot by Ryan Ellis.
16:57 of 1st period - Shot Misses the Net.
17:27 of 1st period - Andrew Ladd is hit by T.J. Fast and loses puck.
17:37 of 1st period - Icing by Vladimir Tarasenko.
17:38 of 1st period - Marc Savard wins face-off versus Kyle Turris in Nordiques zone.
17:38 of 1st period - Marc Savard is hit by Johnny Boychuk.
18:13 of 1st period - Slapshot by Mark Eaton.
18:13 of 1st period - Stopped by Semyon Varlamov with a rebound.
18:18 of 1st period - Icing by Brandon Yip.
18:19 of 1st period - Marc Savard wins face-off versus Greg Campbell in Avalanche zone.
18:32 of 1st period - Simon Gagné is hit by Brandon Yip and loses puck.
19:11 of 1st period - Snap shot by Zach Boychuk.
19:11 of 1st period - Shot Misses the Net.
19:29 of 1st period - Icing by Mark Eaton.
19:30 of 1st period - Paul Gaustad wins face-off versus Bryan Little in Nordiques zone.
19:35 of 1st period - Slapshot by Mark Eaton.
19:35 of 1st period - Shot Misses the Net.
19:44 of 1st period - Icing by Patric Hornqvist.
19:45 of 1st period - Bryan Little wins face-off versus Marc Savard in Avalanche zone.
Goals for this period are 1 for Nordiques vs 1 for Avalanche.
Shots for this period are 16 for Nordiques vs 7 for Avalanche.
2nd period
0:01 of 2nd period - Marc Savard wins face-off versus Bryan Little in neutral zone.
0:03 of 2nd period - Off-side.
0:04 of 2nd period - Marc Savard wins face-off versus Bryan Little in neutral zone.
0:07 of 2nd period - Patric Hornqvist is hit by Fedor Tyutin and loses puck.
0:12 of 2nd period - Snap shot by Marc Savard.
0:12 of 2nd period - Shot Misses the Net.
0:14 of 2nd period - Snap shot by Simon Gagné.
0:14 of 2nd period - Stopped by Semyon Varlamov with a rebound.
0:16 of 2nd period - Slapshot by Ryan Ellis.
0:16 of 2nd period - Stopped by Semyon Varlamov with a rebound.
0:18 of 2nd period - Backhand shot by Ryan Ellis.
0:18 of 2nd period - Deflect By Jack Johnson.
0:18 of 2nd period - Stopped by Semyon Varlamov without a rebound.
0:19 of 2nd period - Paul Stastny wins face-off versus David Legwand in Avalanche zone.
0:19 of 2nd period - Paul Stastny is hit by Ryan Ellis.
0:29 of 2nd period - Snap shot by Andrei Kostitsyn.
0:29 of 2nd period - Shot Misses the Net.
0:31 of 2nd period - Snap shot by Andrei Kostitsyn.
0:31 of 2nd period - Goal by Andrei Kostitsyn - Nordiques : 1 - Avalanche : 2.
0:32 of 2nd period - Marc Savard wins face-off versus Bryan Little in neutral zone.
0:45 of 2nd period - Snap shot by Vladimir Tarasenko.
0:45 of 2nd period - Stopped by Semyon Varlamov without a rebound.
0:46 of 2nd period - Marc Savard wins face-off versus Bryan Little in Avalanche zone.
1:13 of 2nd period - Matt Moulson is hit by Pernell Karl Subban and loses puck.
1:42 of 2nd period - Snap shot by Alexander Radulov.
1:42 of 2nd period - Shot Blocked by Jean-Pierre Dumont.
1:44 of 2nd period - Slapshot by Pernell Karl Subban.
1:44 of 2nd period - Stopped by Jonathan Quick with a rebound.
2:06 of 2nd period - Wrist shot by Zach Boychuk.
2:06 of 2nd period - Shot Blocked by Nikolai Kulemin.
2:08 of 2nd period - Slapshot by Jack Johnson.
2:08 of 2nd period - Shot Hit the Post.
2:20 of 2nd period - Snap shot by Simon Gagné.
2:20 of 2nd period - Stopped by Semyon Varlamov with a rebound.
2:24 of 2nd period - Slapshot by Vladimir Tarasenko.
2:24 of 2nd period - Shot Misses the Net.
2:26 of 2nd period - Snap shot by Simon Gagné.
2:26 of 2nd period - Shot Misses the Net.
2:40 of 2nd period - Ryan Ellis is hit by Greg Campbell and loses puck.
3:00 of 2nd period - Icing by Jay Bouwmeester.
3:01 of 2nd period - Chris Drury wins face-off versus Paul Stastny in Avalanche zone.
3:08 of 2nd period - Wrist shot by R.J. Umberger.
3:08 of 2nd period - Deflect By Jean-Pierre Dumont.
3:08 of 2nd period - Stopped by Semyon Varlamov without a rebound.
3:09 of 2nd period - Vladimir Tarasenko wins face-off versus Bryan Little in Avalanche zone.
4:10 of 2nd period - Johnny Boychuk is hit by Nikolai Kulemin.
4:13 of 2nd period - Off-side.
4:14 of 2nd period - Chris Drury wins face-off versus Bryan Little in neutral zone.
4:21 of 2nd period - Slapshot by Chris Drury.
4:21 of 2nd period - Stopped by Semyon Varlamov without a rebound.
4:22 of 2nd period - Alexander Radulov wins face-off versus Marc Savard in Avalanche zone.
4:24 of 2nd period - Minor Penalty to Paul Stastny for Boarding.
4:25 of 2nd period - Marc Savard wins face-off versus Andrew Ladd in Avalanche zone.
4:56 of 2nd period - Off-side.
4:57 of 2nd period - Andrew Ladd wins face-off versus Marc Savard in neutral zone.
5:12 of 2nd period - Snap shot by Jean-Pierre Dumont.
5:12 of 2nd period - Stopped by Semyon Varlamov with a rebound.
5:14 of 2nd period - Snap shot by T.J. Fast.
5:14 of 2nd period - Stopped by Semyon Varlamov without a rebound.
5:15 of 2nd period - Marc Savard wins face-off versus Andrew Ladd in Avalanche zone.
5:36 of 2nd period - Slapshot by Ryan Ellis.
5:36 of 2nd period - Stopped by Semyon Varlamov with a rebound.
5:38 of 2nd period - Snap shot by Jean-Pierre Dumont.
5:38 of 2nd period - Deflect By R.J. Umberger.
5:38 of 2nd period - Deflect By Greg Campbell.
5:38 of 2nd period - Shot Blocked by Brandon Yip.
5:38 of 2nd period - Puck is out of play.
5:39 of 2nd period - David Legwand wins face-off versus Andrew Ladd in Avalanche zone.
6:08 of 2nd period - Backhand shot by Ryan Ellis.
6:08 of 2nd period - Stopped by Semyon Varlamov with a rebound.
6:12 of 2nd period - Wrist shot by R.J. Umberger.
6:12 of 2nd period - Shot Misses the Net.
6:18 of 2nd period - Snap shot by R.J. Umberger.
6:18 of 2nd period - Shot Misses the Net.
6:20 of 2nd period - Slapshot by Ryan Ellis.
6:20 of 2nd period - Shot Blocked by Andrew Ladd.
6:24 of 2nd period - Penalty to Paul Stastny is over, Paul Stastny is back on ice.
6:28 of 2nd period - Snap shot by Jean-Pierre Dumont.
6:28 of 2nd period - Stopped by Semyon Varlamov with a rebound.
6:30 of 2nd period - Wrist shot by David Legwand.
6:30 of 2nd period - Shot Blocked by Pernell Karl Subban.
6:32 of 2nd period - Snap shot by Dustin Byfuglien.
6:32 of 2nd period - Stopped by Semyon Varlamov without a rebound.
6:33 of 2nd period - Paul Stastny wins face-off versus Marc Savard in Avalanche zone.
6:56 of 2nd period - Minor Penalty to Johnny Boychuk for High sticking.
6:57 of 2nd period - Andrew Ladd wins face-off versus Marc Savard in Avalanche zone.
7:24 of 2nd period - Slapshot by T.J. Fast.
7:24 of 2nd period - Stopped by Semyon Varlamov with a rebound.
8:56 of 2nd period - Penalty to Johnny Boychuk is over, Johnny Boychuk is back on ice.
9:26 of 2nd period - Matt Moulson is hit by Alexander Radulov and loses puck.
9:39 of 2nd period - Snap shot by Alexander Radulov.
9:39 of 2nd period - Stopped by Jonathan Quick with a rebound.
10:29 of 2nd period - Snap shot by Ryan Ellis.
10:29 of 2nd period - Shot Blocked by Johnny Boychuk.
10:31 of 2nd period - Snap shot by Matt Moulson.
10:31 of 2nd period - Shot Blocked by Kyle Turris.
10:55 of 2nd period - Slapshot by Martin St. Louis.
10:55 of 2nd period - Shot Misses the Net.
11:10 of 2nd period - Slapshot by Alexander Radulov.
11:10 of 2nd period - Stopped by Jonathan Quick with a rebound.
11:30 of 2nd period - Snap shot by Andrei Kostitsyn.
11:30 of 2nd period - Shot Misses the Net.
11:35 of 2nd period - Off-side.
11:36 of 2nd period - Marc Savard wins face-off versus Greg Campbell in neutral zone.
11:39 of 2nd period - Andrew Ladd is hit by Marc Savard and loses puck.
11:53 of 2nd period - Icing by T.J. Fast.
11:54 of 2nd period - Marc Savard wins face-off versus Bryan Little in Nordiques zone.
12:21 of 2nd period - Snap shot by Vladimir Tarasenko.
12:21 of 2nd period - Shot Misses the Net.
12:23 of 2nd period - Wrist shot by Marc Savard.
12:23 of 2nd period - Shot Misses the Net.
12:25 of 2nd period - Snap shot by Mark Eaton.
12:25 of 2nd period - Stopped by Semyon Varlamov with a rebound.
12:27 of 2nd period - Slapshot by Simon Gagné.
12:27 of 2nd period - Stopped by Semyon Varlamov without a rebound.
12:28 of 2nd period - Greg Campbell wins face-off versus Chris Drury in Avalanche zone.
12:47 of 2nd period - R.J. Umberger is hit by Marc Staal and loses puck.
13:04 of 2nd period - Snap shot by Nikolai Kulemin.
13:04 of 2nd period - Deflect By Michael Ryder.
13:04 of 2nd period - Shot Misses the Net.
13:04 of 2nd period - Puck is out of play.
13:05 of 2nd period - Marc Savard wins face-off versus Greg Campbell in Avalanche zone.
13:08 of 2nd period - Slapshot by Marc Savard.
13:08 of 2nd period - Shot Blocked by Jack Johnson.
13:10 of 2nd period - Snap shot by Marc Savard.
13:10 of 2nd period - Stopped by Semyon Varlamov without a rebound.
13:11 of 2nd period - Marc Savard wins face-off versus Greg Campbell in Avalanche zone.
13:16 of 2nd period - Wrist shot by Vladimir Tarasenko.
13:16 of 2nd period - Shot Misses the Net.
13:26 of 2nd period - Wrist shot by Marc Savard.
13:26 of 2nd period - Stopped by Semyon Varlamov with a rebound.
13:28 of 2nd period - Wrist shot by Simon Gagné.
13:28 of 2nd period - Shot Misses the Net.
13:38 of 2nd period - Slapshot by Bryan Little.
13:38 of 2nd period - Shot Misses the Net.
13:40 of 2nd period - Wrist shot by Mikkel Boedker.
13:40 of 2nd period - Deflect By Bryan Little.
13:40 of 2nd period - Shot Blocked by Jean-Pierre Dumont.
13:40 of 2nd period - Puck is out of play.
13:41 of 2nd period - Bryan Little wins face-off versus Chris Drury in Nordiques zone.
13:50 of 2nd period - Wrist shot by Bryan Little.
13:50 of 2nd period - Goal by Bryan Little - Nordiques : 1 - Avalanche : 3.
13:51 of 2nd period - Marc Savard wins face-off versus Greg Campbell in neutral zone.
14:37 of 2nd period - Icing by Jay Bouwmeester.
14:38 of 2nd period - Martin St. Louis wins face-off versus Kyle Turris in Avalanche zone.
15:05 of 2nd period - Snap shot by Paul Stastny.
15:05 of 2nd period - Shot Misses the Net.
15:07 of 2nd period - Wrist shot by Andrei Kostitsyn.
15:07 of 2nd period - Stopped by Jonathan Quick without a rebound.
15:08 of 2nd period - Marc Savard wins face-off versus Paul Stastny in Nordiques zone.
15:35 of 2nd period - Marc Savard is hit by Greg Campbell and loses puck.
16:39 of 2nd period - Alexander Radulov is hit by Ryan Ellis and loses puck.
16:44 of 2nd period - Wrist shot by Matt Moulson.
16:44 of 2nd period - Shot Misses the Net.
16:46 of 2nd period - Backhand shot by T.J. Fast.
16:46 of 2nd period - Shot Misses the Net.
17:23 of 2nd period - Mark Eaton is hit by Zach Boychuk and loses puck.
17:58 of 2nd period - Nikolai Kulemin is hit by Bryan Little and loses puck.
18:13 of 2nd period - Snap shot by Greg Campbell.
18:13 of 2nd period - Shot Blocked by Fedor Tyutin.
18:15 of 2nd period - Wrist shot by Brandon Yip.
18:15 of 2nd period - Stopped by Jonathan Quick without a rebound.
18:16 of 2nd period - Marc Savard wins face-off versus Greg Campbell in Nordiques zone.
18:32 of 2nd period - Slapshot by Greg Campbell.
18:32 of 2nd period - Shot Misses the Net.
18:34 of 2nd period - Slapshot by Marc Staal.
18:34 of 2nd period - Stopped by Jonathan Quick with a rebound.
18:36 of 2nd period - Snap shot by Marc Staal.
18:36 of 2nd period - Shot Misses the Net.
18:38 of 2nd period - Snap shot by Greg Campbell.
18:38 of 2nd period - Shot Misses the Net.
18:40 of 2nd period - Wrist shot by Greg Campbell.
18:40 of 2nd period - Goal by Greg Campbell - Nordiques : 1 - Avalanche : 4.
18:41 of 2nd period - Paul Stastny wins face-off versus Marc Savard in neutral zone.
19:15 of 2nd period - Wrist shot by Mikkel Boedker.
19:15 of 2nd period - Deflect By Patric Hornqvist.
19:15 of 2nd period - Shot Misses the Net.
19:15 of 2nd period - Puck is out of play.
19:16 of 2nd period - Bryan Little wins face-off versus Chris Drury in Nordiques zone.
19:41 of 2nd period - Mark Eaton is hit by Alexander Radulov.
19:44 of 2nd period - T.J. Fast is hit by Pernell Karl Subban and loses puck.
19:53 of 2nd period - Slapshot by Andrei Kostitsyn.
19:53 of 2nd period - Deflect By Alexander Radulov.
19:53 of 2nd period - Stopped by Jonathan Quick without a rebound.
19:54 of 2nd period - R.J. Umberger wins face-off versus Chuck Kobasew in Nordiques zone.
Goals for this period are 0 for Nordiques vs 3 for Avalanche.
Shots for this period are 18 for Nordiques vs 10 for Avalanche.
3rd period
0:01 of 3rd period - Paul Stastny wins face-off versus Marc Savard in neutral zone.
0:31 of 3rd period - David Legwand is hit by Alexander Radulov and loses puck.
0:36 of 3rd period - Snap shot by Paul Stastny.
0:36 of 3rd period - Stopped by Jonathan Quick with a rebound.
0:38 of 3rd period - Snap shot by Paul Stastny.
0:38 of 3rd period - Shot Blocked by Fedor Tyutin.
0:40 of 3rd period - Slapshot by Pernell Karl Subban.
0:40 of 3rd period - Stopped by Jonathan Quick without a rebound.
0:41 of 3rd period - Bryan Little wins face-off versus Marc Savard in Nordiques zone.
0:56 of 3rd period - Wrist shot by Mikkel Boedker.
0:56 of 3rd period - Shot Blocked by Matt Irwin.
0:58 of 3rd period - Snap shot by Mikkel Boedker.
0:58 of 3rd period - Shot Blocked by Marc Savard.
1:08 of 3rd period - Vladimir Tarasenko is hit by Kyle Turris and loses puck.
1:17 of 3rd period - Backhand shot by Vladimir Tarasenko.
1:17 of 3rd period - Stopped by Semyon Varlamov without a rebound.
1:18 of 3rd period - Jean-Pierre Dumont wins face-off versus Alexander Radulov in Avalanche zone.
1:27 of 3rd period - Snap shot by Andrei Kostitsyn.
1:27 of 3rd period - Deflect By Alexander Radulov.
1:27 of 3rd period - Shot Misses the Net.
1:27 of 3rd period - Puck is out of play.
1:28 of 3rd period - Chris Drury wins face-off versus Paul Stastny in Nordiques zone.
1:45 of 3rd period - Snap shot by Andrei Kostitsyn.
1:45 of 3rd period - Deflect By Alexander Radulov.
1:45 of 3rd period - Shot Blocked by Chris Drury.
1:45 of 3rd period - Puck is out of play.
1:46 of 3rd period - Marc Savard wins face-off versus Bryan Little in Nordiques zone.
1:59 of 3rd period - Slapshot by Vladimir Tarasenko.
1:59 of 3rd period - Stopped by Semyon Varlamov without a rebound.
2:00 of 3rd period - Paul Stastny wins face-off versus Marc Savard in Avalanche zone.
2:27 of 3rd period - Chris Drury is hit by Jack Johnson and loses puck.
2:42 of 3rd period - Patric Hornqvist is hit by Chris Drury and loses puck.
3:29 of 3rd period - Snap shot by Bryan Little.
3:29 of 3rd period - Shot Misses the Net.
3:43 of 3rd period - Wrist shot by Mikkel Boedker.
3:43 of 3rd period - Shot Misses the Net.
4:07 of 3rd period - Slapshot by Mikkel Boedker.
4:07 of 3rd period - Stopped by Jonathan Quick with a rebound.
4:23 of 3rd period - Snap shot by Mikkel Boedker.
4:23 of 3rd period - Shot Blocked by Michael Ryder.
4:35 of 3rd period - Snap shot by Bryan Little.
4:35 of 3rd period - Stopped by Jonathan Quick with a rebound.
4:53 of 3rd period - Wrist shot by Paul Gaustad.
4:53 of 3rd period - Stopped by Semyon Varlamov with a rebound.
5:31 of 3rd period - Snap shot by Patric Hornqvist.
5:31 of 3rd period - Shot Misses the Net.
5:37 of 3rd period - Wrist shot by Bryan Little.
5:37 of 3rd period - Stopped by Jonathan Quick with a rebound.
5:59 of 3rd period - Patric Hornqvist is hit by Paul Gaustad and loses puck.
6:04 of 3rd period - Slapshot by Nikolai Kulemin.
6:04 of 3rd period - Shot Misses the Net.
6:06 of 3rd period - Wrist shot by Michael Ryder.
6:06 of 3rd period - Stopped by Semyon Varlamov with a rebound.
6:35 of 3rd period - Minor Penalty to Paul Gaustad for Close Hand On Puck.
6:36 of 3rd period - Paul Stastny wins face-off versus Marc Savard in Nordiques zone.
6:40 of 3rd period - Wrist shot by Paul Stastny.
6:40 of 3rd period - Shot Hit the Post.
8:35 of 3rd period - Penalty to Paul Gaustad is over, Paul Gaustad is back on ice.
8:38 of 3rd period - Off-side.
8:39 of 3rd period - Kyle Turris wins face-off versus R.J. Umberger in neutral zone.
8:51 of 3rd period - Greg Campbell is hit by R.J. Umberger and loses puck.
11:46 of 3rd period - Dan Boyle is hit by Marc Savard and loses puck.
12:57 of 3rd period - Zach Boychuk is hit by Matt Moulson and loses puck.
16:26 of 3rd period - Mark Eaton is hit by Paul Stastny and loses puck.
16:39 of 3rd period - Zach Boychuk is hit by Paul Gaustad and loses puck.
18:33 of 3rd period - Jay Bouwmeester is hit by Ryan Ellis and loses puck.
Goals for this period are 0 for Nordiques vs 0 for Avalanche.
Shots for this period are 4 for Nordiques vs 5 for Avalanche.
Back to the Top